 Dungeon Crawl Stone Soup version 0.29-a0-294-g83ea962da3 (webtiles) character file.

Game seed: 10430659729262110514

1528 sanka the Shield-Bearer (level 8, -2/67 HPs)
             Began as a Gnoll Fighter on Mar 18, 2022.
             Was an Initiate of Ru.
             Succumbed to Duvessa's poison
             ... on level 5 of the Dungeon.
             The game lasted 00:08:44 (5803 turns).

sanka the Shield-Bearer (Gnoll Fighter)             Turns: 5803, Time: 00:08:45

Health: -2/67      AC: 16    Str: 17    XL:     8   Next: 85%
Magic:  13/13      EV: 10    Int:  7    God:    Ru [......]
Gold:   222        SH:  6    Dex: 13    Spells: 14/14 levels left

rFire   . . .      SeeInvis .   a - +0 war axe
rCold   . . .      Faith    .   c - +0 buckler
rNeg    . . .      Spirit   .   b - +0 scale mail
rPois   .          Reflect  .   (no helmet)
rElec   .          Harm     .   l - +0 cloak
rCorr   .          Rampage  .   M - +2 pair of gloves
Will    .....                   (no boots)
Stlth   +.........              (no amulet)
HPRegen 0.21/turn               (no ring)
MPRegen 0.13/turn               t - +4 ring of protection

@: lethally poisoned (-2 -> -35)
A: fangs 1, strong nose, distributed training
a: Renounce Religion


You were on level 5 of the Dungeon.
You worshipped Ru.
Ru was noncommittal.
You visited 2 branches of the dungeon, and saw 7 of its levels.

You collected 325 gold pieces.
You spent 103 gold pieces at shops.


Innate Abilities, Weirdness & Mutations

You have very sharp teeth.
Your uncanny sense of smell can sniff out nearby items.
Your experience applies equally to all skills.


   Skills:
 + Level 7.5 Fighting
 + Level 3.6 Short Blades
 + Level 3.6 Long Blades
 + Level 5.9 Axes
 + Level 3.6 Maces & Flails
 + Level 3.6 Polearms
 + Level 3.6 Staves
 + Level 3.6 Slings
 + Level 3.6 Bows
 + Level 3.6 Crossbows
 + Level 3.6 Throwing
 + Level 7.5 Armour
 + Level 3.6 Dodging
 + Level 3.6 Stealth
 + Level 7.5 Shields
 + Level 3.6 Unarmed Combat
 + Level 3.6 Spellcasting
 + Level 3.0 Conjurations
 + Level 3.0 Hexes
 + Level 3.0 Summonings
 + Level 3.0 Necromancy
 + Level 3.0 Translocations
 + Level 3.0 Transmutations
 + Level 3.0 Fire Magic
 + Level 3.0 Ice Magic
 + Level 3.0 Air Magic
 + Level 3.0 Earth Magic
 + Level 3.0 Poison Magic
 + Level 4.0 Invocations
 + Level 3.6 Evocations


You had 14 spell levels left.
You didn't know any spells.
Your spell library was empty.

Inventory:

Hand Weapons
 a - a +0 war axe (weapon)
Missiles
 o - 2 javelins
 q - 14 poisoned darts (quivered)
 A - 7 datura-tipped darts
 D - a throwing net {=f}
Armour
 b - a +0 scale mail (worn)
 c - a +0 buckler (worn)
 l - a +0 cloak (worn)
 p - a +0 kite shield
 H - a +0 chain mail
 M - a +2 pair of gloves (worn)
Jewellery
 n - a +4 ring of protection
 t - a +4 ring of protection (right hand)
 v - an amulet of guardian spirit
Wands
 w - a wand of acid (7)
 y - a wand of iceblast (9)
 E - a wand of digging (4)
Scrolls
 f - a scroll of vulnerability {unknown}
 g - 3 scrolls of immolation {unknown}
 h - 4 scrolls of identify {unknown}
 j - a scroll of magic mapping {unknown}
 m - a scroll of noise {unknown}
 r - a scroll of teleportation {unknown}
 C - a scroll of enchant armour {unknown}
 F - a scroll of torment {unknown}
 G - a scroll of fog {unknown}
 I - 2 scrolls of fear {unknown}
 J - 3 scrolls of amnesia {unknown}
 K - a scroll of brand weapon {unknown}
 L - a scroll of enchant weapon {unknown}
Potions
 d - a potion of might
 e - 2 potions of lignification {unknown}
 i - 2 potions of magic {unknown}
 k - 3 potions of curing {@q1}
 s - a potion of flight {unknown}
 u - 2 potions of brilliance {unknown}
 x - a potion of haste {@q3}
 z - a potion of heal wounds {unknown}
 B - 2 potions of mutation {unknown}

Dungeon Overview and Level Annotations

Branches:
Dungeon (6/15)             Temple (1/1) D:5

Altars:
Ashenzari
Elyvilon
Fedhas
Hepliaklqana
Kikubaaqudgha
Makhleb
Nemelex Xobeh
Qazlal
Ru
Sif Muna
Trog
Uskayaw
Wu Jian
Yredelemnul
Zin
The Shining One

Shops:
D:1 *   D:2 *   D:4 (   D:6 [

Annotations:
D:2 1 runed translucent door, Crazy Yiuf
D:5 Dowan, Duvessa

..▒ ▒.▒ ▒.▒ ▒.▒▒▒ .▒▒▒▒.▒ ▒.▒
▒▒...▒▒ ......▒ ▒▒'▒▒ ▒.....▒
.▒▒▒▒▒▒ ▒▒...▒▒ ▒.....▒
.▒▒▒▒▒▒▒▒▒.....▒▒ ▒.....▒
.▒..............▒▒ ▒▒....▒▒
..##≈≈≈≈≈≈≈≈.....▒▒▒▒....▒▒▒▒▒
...≈............e'...........▒
..#≈.▒▒▒▒▒.≈....g▒▒▒▒.....▒▒.▒
.▒.##▒.....≈...e▒▒ ▒▒.....▒.▒
.▒.≈.▒._.▒.#...▒▒▒▒ ▒.....▒.▒
.▒.#.....▒.≈..▒▒▒>▒▒ ▒.....▒.▒
...≈.▒▒▒▒▒.≈.▒▒▒.▒.▒▒▒....▒▒.▒
...≈.......≈.▒▒.▒▒▒.▒▒.......▒
...#≈≈#≈≈≈##.▒.▒▒ ▒▒.▒▒▒.▒▒▒▒▒
▒.......#.....▒▒ ▒▒....▒
▒▒.▒▒.▒▒..▒<...▒▒ ▒▒.▒▒▒▒▒


You could see Duvessa and Dowan.


Message History

The troll attacks as you move away! The troll barely misses you.
The troll misses you. The troll closely misses you.
You feel sick. Dowan hits you with a +0 dagger.
Duvessa attacks as you move away!
Duvessa hits you with a +3 rapier of venom.
You are more poisoned.
You feel very sick.
You feel very sick. Dowan attacks as you move away!
Dowan hits you with a +0 dagger.
* * * LOW HITPOINT WARNING * * *
You feel sick.
You feel sick.
Duvessa hits you with a +3 rapier of venom.
* * * LOW HITPOINT WARNING * * *
You are more poisoned.
There is a stone staircase leading up here.
* * * LOW HITPOINT WARNING * * *
You feel very sick.
Duvessa hits you with a +3 rapier of venom!
* * * LOW HITPOINT WARNING * * *
You are more poisoned.
Dowan gestures at you while chanting. The puff of flame hits you.
* * * LOW HITPOINT WARNING * * *
You climb upwards.
You die...

Action                   |  1- 3 |  4- 6 |  7- 9 || total
-------------------------+-------+-------+-------++-------
Melee: War axe           |    63 |   139 |   111 ||   313
       Bite              |     4 |    21 |    19 ||    44
Throw: Dart              |       |     1 |     5 ||     6
Evoke: Wand              |       |     2 |     1 ||     3
Armor: Scale mail        |    30 |    71 |    52 ||   153
Dodge: Dodged            |    19 |    68 |    61 ||   148
Block: Buckler           |    15 |    33 |    28 ||    76

Levels and vault maps discovered:
D:1:      lemuel_arrival_funnel, layout_loops_ring, serial_shops, shop
D:2:      layout_loops_ring, serial_shops, nicolae_shop_hallway_plus,
          ebering_ecumenical_altar_webs, serial_rivers,
          chequers_serial_rivers_large_a, chequers_serial_rivers_marsh,
          chequers_serial_rivers_room_b, chequers_serial_rivers_small_3,
          chequers_serial_rivers_room_a, chequers_serial_rivers_marsh,
          uniq_crazy_yiuf_cottage, uniq_jessica
D:3:      layout_basic, fedhas_ov_isle_minmay, nicolae_underground_beach
D:4:      layout_loops_ring, skrybe_limestone_x, grunt_ministairs_1,
          minmay_misc_feat_x, nicolae_shop_firing_range, uniq_pikel
D:5:      layout_loops_corners, mainiacjoe_overflow_brackets,
          mainiacjoe_overflow_boulevard, mainiacjoe_overflow_paths,
          minmay_temple_entry_poolview
D:6:      dreamdust_elfheim, layout_rooms, cheibriados_altar_1, serial_shops,
          shop, serial_aquarium, aquarium_bridge_straight
          [aquarium_subvault_bridge, aquarium_subvault_balcony,
          aquarium_subvault_bridge, aquarium_subvault_balcony],
          aquarium_bridge_straight [aquarium_subvault_bridge,
          aquarium_subvault_wall, aquarium_subvault_bridge,
          aquarium_subvault_balcony], aquarium_window_corridor_3,
          aquarium_window_fake, aquarium_view_2f, aquarium_balcony_double_2,
          uniq_grinder
Temple:   nicolae_temple_hex_pool

Notes
Turn   | Place    | Note
-------+----------+-------------------------------------------
     0 | D:1      | sanka the Gnoll Fighter began the quest for the Orb.
     0 | D:1      | Reached XP level 1. HP: 23/23 MP: 1/1
   143 | D:1      | Reached XP level 2. HP: 28/29 MP: 2/2
   331 | D:1      | Found Vozaskiy's Assorted Antiques.
   459 | D:1      | Reached XP level 3. HP: 30/35 MP: 3/3
   959 | D:2      | Reached skill level 1 in Invocations
  1145 | D:2      | Found a faded altar of an unknown god.
  1352 | D:2      | Reached skill level 1 in Short Blades
  1352 | D:2      | Reached skill level 1 in Long Blades
  1352 | D:2      | Reached skill level 1 in Maces & Flails
  1352 | D:2      | Reached skill level 1 in Polearms
  1352 | D:2      | Reached skill level 1 in Staves
  1352 | D:2      | Reached skill level 1 in Slings
  1352 | D:2      | Reached skill level 1 in Bows
  1352 | D:2      | Reached skill level 1 in Crossbows
  1352 | D:2      | Reached skill level 1 in Throwing
  1352 | D:2      | Reached skill level 1 in Dodging
  1352 | D:2      | Reached skill level 1 in Stealth
  1352 | D:2      | Reached skill level 1 in Unarmed Combat
  1352 | D:2      | Reached skill level 1 in Spellcasting
  1352 | D:2      | Reached skill level 1 in Evocations
  1361 | D:2      | Noticed Jessica
  1375 | D:2      | Killed Jessica
  1376 | D:2      | Reached XP level 4. HP: 41/41 MP: 5/5
  1412 | D:2      | Found Ruahome's Assorted Antiques.
  1461 | D:2      | Found a runed translucent door.
  1462 | D:2      | Noticed Crazy Yiuf
  2007 | D:1      | Bought a pair of gloves for 103 gold pieces
  2209 | D:3      | Reached skill level 1 in Conjurations
  2209 | D:3      | Reached skill level 1 in Hexes
  2209 | D:3      | Reached skill level 1 in Summonings
  2209 | D:3      | Reached skill level 1 in Necromancy
  2209 | D:3      | Reached skill level 1 in Translocations
  2209 | D:3      | Reached skill level 1 in Transmutations
  2209 | D:3      | Reached skill level 1 in Fire Magic
  2209 | D:3      | Reached skill level 1 in Ice Magic
  2209 | D:3      | Reached skill level 1 in Air Magic
  2209 | D:3      | Reached skill level 1 in Earth Magic
  2209 | D:3      | Reached skill level 1 in Poison Magic
  2624 | D:3      | Found a blossoming altar of Fedhas.
  2872 | D:4      | Noticed a scorpion
  2883 | D:4      | Killed a scorpion
  2884 | D:4      | Reached XP level 5. HP: 43/47 MP: 5/7
  2911 | D:4      | Noticed a lemure
  2911 | D:4      | Noticed a lemure
  2912 | D:4      | Noticed Pikel
  2993 | D:3      | Killed a lemure
  3218 | D:4      | Reached skill level 2 in Invocations
  3218 | D:4      | Reached XP level 6. HP: 52/53 MP: 8/8
  3244 | D:4      | Found Vealoj's Firing Range.
  3295 | D:4      | Reached skill level 5 in Axes
  3351 | D:4      | Reached skill level 2 in Short Blades
  3351 | D:4      | Reached skill level 2 in Long Blades
  3351 | D:4      | Reached skill level 2 in Maces & Flails
  3351 | D:4      | Reached skill level 2 in Polearms
  3351 | D:4      | Reached skill level 2 in Staves
  3351 | D:4      | Reached skill level 2 in Slings
  3351 | D:4      | Reached skill level 2 in Bows
  3351 | D:4      | Reached skill level 2 in Crossbows
  3351 | D:4      | Reached skill level 2 in Throwing
  3351 | D:4      | Reached skill level 2 in Dodging
  3351 | D:4      | Reached skill level 2 in Stealth
  3351 | D:4      | Reached skill level 2 in Unarmed Combat
  3351 | D:4      | Reached skill level 2 in Spellcasting
  3351 | D:4      | Reached skill level 2 in Evocations
  3495 | D:4      | Killed Pikel
  3496 | D:4      | Reached skill level 7 in Fighting
  3496 | D:4      | Reached skill level 7 in Armour
  3496 | D:4      | Reached skill level 7 in Shields
  3496 | D:4      | Reached skill level 2 in Conjurations
  3496 | D:4      | Reached skill level 2 in Hexes
  3496 | D:4      | Reached skill level 2 in Summonings
  3496 | D:4      | Reached skill level 2 in Necromancy
  3496 | D:4      | Reached skill level 2 in Translocations
  3496 | D:4      | Reached skill level 2 in Transmutations
  3496 | D:4      | Reached skill level 2 in Fire Magic
  3496 | D:4      | Reached skill level 2 in Ice Magic
  3496 | D:4      | Reached skill level 2 in Air Magic
  3496 | D:4      | Reached skill level 2 in Earth Magic
  3496 | D:4      | Reached skill level 2 in Poison Magic
  3496 | D:4      | Reached skill level 3 in Invocations
  3496 | D:4      | Reached XP level 7. HP: 60/60 MP: 9/11
  3757 | D:5      | Entered Level 5 of the Dungeon
  3842 | D:5      | Reached XP level 8. HP: 57/64 MP: 12/12
  4001 | D:5      | Reached skill level 3 in Short Blades
  4001 | D:5      | Reached skill level 3 in Long Blades
  4001 | D:5      | Reached skill level 3 in Maces & Flails
  4001 | D:5      | Reached skill level 3 in Polearms
  4001 | D:5      | Reached skill level 3 in Staves
  4001 | D:5      | Reached skill level 3 in Slings
  4001 | D:5      | Reached skill level 3 in Bows
  4001 | D:5      | Reached skill level 3 in Crossbows
  4001 | D:5      | Reached skill level 3 in Throwing
  4001 | D:5      | Reached skill level 3 in Dodging
  4001 | D:5      | Reached skill level 3 in Stealth
  4001 | D:5      | Reached skill level 3 in Unarmed Combat
  4001 | D:5      | Reached skill level 3 in Spellcasting
  4001 | D:5      | Reached skill level 3 in Evocations
  4236 | D:5      | Found a shimmering blue altar of Sif Muna.
  4686 | D:5      | Found a sparkling altar of Nemelex Xobeh.
  4723 | D:5      | Found a basalt altar of Yredelemnul.
  4907 | D:5      | Identified the +3 mace "Moxtuics" {vorpal, Will+}
  4922 | D:5      | Found a staircase to the Ecumenical Temple.
  4940 | Temple   | Entered the Ecumenical Temple
  5019 | Temple   | Became a worshipper of Ru the Awakened
  5452 | D:6      | Found Littuom's Antique Armour Emporium.
  5655 | D:6      | Noticed Grinder
  5662 | D:6      | Killed Grinder
  5663 | D:6      | Reached skill level 3 in Conjurations
  5663 | D:6      | Reached skill level 3 in Hexes
  5663 | D:6      | Reached skill level 3 in Summonings
  5663 | D:6      | Reached skill level 3 in Necromancy
  5663 | D:6      | Reached skill level 3 in Translocations
  5663 | D:6      | Reached skill level 3 in Transmutations
  5663 | D:6      | Reached skill level 3 in Fire Magic
  5663 | D:6      | Reached skill level 3 in Ice Magic
  5663 | D:6      | Reached skill level 3 in Air Magic
  5663 | D:6      | Reached skill level 3 in Earth Magic
  5663 | D:6      | Reached skill level 3 in Poison Magic
  5663 | D:6      | Reached skill level 4 in Invocations
  5760 | D:6      | Noticed Duvessa
  5762 | D:6      | Noticed Dowan
  5785 | D:6      | Noticed a troll
  5803 | D:5      | Succumbed to Duvessa's poison

Vanquished Creatures
  Pikel (D:4)
  Grinder (D:6)
  A steam dragon (D:5)
  An ice beast (D:6)
  A lemure (D:3)
  A bullfrog (D:4)
  A gnoll sergeant (D:5)
  2 necrophages (D:5)
  2 scorpions
  2 jellies (D:4)
  Jessica (D:2)
  An iguana (D:6)
  4 gnolls (D:5)
  6 adders
  A shadow imp (D:5)
  2 ufetubi
  3 worms
  8 dart slugs
  2 orcs
  5 bats
  8 endoplasms
  A giant cockroach (D:1)
  7 goblins
  4 hobgoblins
  5 jackals
  A quokka (D:4)
  3 training dummies (D:4)
  6 ball pythons
  2 frilled lizards
  3 kobolds
  6 rats
92 creatures vanquished.

Vanquished Creatures (others)
  16 fungi (D:6)
16 creatures vanquished.

Grand Total: 108 creatures vanquished
